Unix xNetHack Version 7.1.0 - last build Jul 4 2022 02:09:00 (ec8469f2eb63cac24863ec985b09651f3a72bf9f). Game began 2022-07-04 12:20:29, ended 2022-07-04 12:38:56. nmlkj, chaotic male human Wizard --------- --- |.u...f@d.... |.....$dd...| ------------- Nmlkj the Conjurer St:9 Dx:11 Co:10 In:15 Wi:12 Ch:13 Chaotic S:1358 Dlvl:10 $:62 HP:0(34) Pw:44(44) AC:10 Xp:5/209 T:2270 Burdened Latest messages: The boulder falls apart. You see here 56 rocks. You feel full of energy. You are in full health. You swap places with your kitten. You see here 56 rocks. You hear the footsteps of a guard on patrol. You swap places with your kitten. You swap places with your kitten. You hear someone counting gold coins. You fall down the stairs. In what direction? l The spell hits the werewolf! The werewolf resists! In what direction? n The spell hits the werewolf! The werewolf changes into a wolf. The werewolf summons help! A wolf suddenly appears next to you! A wolf suddenly appears next to you! The werewolf bites! You feel feverish. The wolf bites! The wolf bites! The kitten picks up a copper whistle. The werewolf bites! The werewolf changes into a human. You climb up the stairs. You swap places with your kitten. The kitten drops a copper whistle. The gray unicorn vanishes! This door is locked. Unlock it with your key? [ynq] (q) y You succeed in unlocking the door. The door opens. You turn into a werewolf! You break out of your armor! Your cloak tears apart! Use the command #monster to summon help. You can barely move a handspan with this load! You fall down the stairs. The wolf just misses! The wolf bites! You return to human form! Your movements are only slowed slightly by your load. The werewolf changes into a wolf. The werewolf bites! The kitten picks up a gold piece. The wolf bites! You die... Major events: Turn 1: nmlkj the chaotic male human Wizard entered the dungeon 954: attained the rank of Conjurer (level 3) 2270: killed by a wolf Inventory: Inventory: 530/525 weight (21/52 slots) Coins $ - 62 gold pieces {1} Amulets q - an uncursed iron amulet of ESP {22} Weapons a - a blessed +1 quarterstaff {40} Scrolls w - a blessed scroll of amnesia {5} z - an uncursed scroll of blank paper {5} x - an uncursed scroll of create monster {5} y - an uncursed scroll of destroy armor {5} Spellbooks f - an uncursed spellbook of cause fear {45} i - an uncursed spellbook of extra healing {45} c - a blessed spellbook of force bolt {35} e - an uncursed spellbook of healing {35} v - a cursed spellbook of light {35} d - a blessed spellbook of magic missile {40} Potions u - an uncursed potion of hallucination {20} s - an uncursed potion of see invisible {20} j - an uncursed potion of sickness {20} p - an uncursed potion of sleeping {20} t - a cursed potion of speed {20} Wands l - a wand of locking (0:4) {7} Tools B - a crystal ball (0:24) {100} g - a magic marker (0:53) {2} A - an uncursed skeleton key {3} Nmlkj the Wizard's attributes: Background: You were a Conjurer, a level 5 male human Wizard. You were chaotic, on a mission for Anhur who was opposed by Ptah (lawful) and Thoth (neutral). You were heterosexual. You were in the Dungeons of Doom, on level 10. You entered the dungeon 2270 turns ago. You had 209 experience points, 111 more were needed to attain level 6. Your score was 1358 before end-of-game adjustments. Basics: You had 0 out of 34 hit points. You had all 44 energy points (spell power). Your armor class was 10. Your wallet contained 62 zorkmids. Autopickup was on for '$"?+!=/' plus thrown. Final Characteristics: Your strength was 9 (peak:13, limit:18/100). Your dexterity was 11 (peak:12, limit:18). Your constitution was 10 (limit:18). Your intelligence was 15 (limit:18). Your wisdom was 12 (limit:18). Your charisma was 13 (limit:18). Final Status: You were not hungry. You were burdened; movement was slightly slowed. You were bare handed. You were unskilled in bare handed combat. You were not wearing any armor. Final Attributes: You were piously aligned. You were fire resistant. You were level-drain resistant. You were a werewolf. You were harmed by silver. You are dead. Miscellaneous: You never encountered a bones level. Total elapsed playing time was 18 minutes and 27 seconds. Vanquished creatures: a giant beetle a housecat a dust vortex a fire ant a rock mole a pony a shrieker a floating eye a rothe a dwarf zombie an iguana 2 acid blobs 2 hobgoblins a giant rat 2 green molds a gecko 3 jackals a fox a grid bug 3 lichens 6 newts 33 creatures vanquished. No species were genocided or became extinct. Voluntary challenges: You read items or engraved 1 time. You never genocided any monsters. You never polymorphed an object. You never touched an artifact. You used no wishes. You never scared an enemy with impunity. You were celibate. You never generated conflict. Achievements: You attained the rank of Conjurer. You entered a shop. The Dungeons of Doom: levels 1 to 10 Level 1: An altar. Level 4: An altar to Anhur, a fountain. Level 5: Level 6: Many fountains, a tree. Level 7: Many fountains. Oracle of Delphi. Level 8: A general store. Level 9: Level 10: <- You were here. Final resting place for you, killed by a wolf. Game over: __________ / \ / REST \ / IN \ / PEACE \ / \ | nmlkj | | 62 Au | | killed by a wolf | | | | | | | | 2022 | *| * * * | * _________)/\\_//(\/(/\)/\//\/|_)_______ Goodbye nmlkj the Wizard... You died in The Dungeons of Doom on dungeon level 10 with 1352 points, and 62 pieces of gold, after 2270 moves. You were level 5 with a maximum of 34 hit points when you died.